AoeStats
← mowmipirat

Black Forest

510136366Analyzed
4v4 RM · 4d ago on Sep 29, 2026· 60m 38s· 8 players
Game mode
Random Map
Map size
Large (8 player)
Population
200
Speed
Normal
Resources
Standard
Victory
Conquest
Starting age
Dark Age
Ending age
Imperial Age
RankedLock teamsTeams togetherTeam positionsShared explorationLock speedFull tech treeHidden civsTurbo modeCheats
Victory
Defeat
🇺🇸 Ethiopians · United States
808
+16
🇪🇸 Mongols · Spain
790
+17
🇬🇧 Franks · United Kingdom
767
+18
🇵🇱 Aztecs · Poland
762
+18
🇵🇰 Hindustanis · Pakistan
920
-21
🇨🇳 Tatars · China
870
-19
🇹🇼 Huns · Taiwan
772
-16
🇩🇪 Vietnamese · Germany
705
-13
Yonexo
7:27 Loom
13:42 Feudal Age
23:45 Castle Age
22:14 Double-Bit Axe
22:16 Horse Collar
24:24 Wheelbarrow
25:05 Padded Archer Armor
24:57 Fletching
26:24 Stone Mining
26:29 Gold Mining
29:42 Caravan
31:11 Bow Saw
36:24 Imperial Age
34:54 Heavy Plow
35:32 Gold Shaft Mining
36:23 Leather Archer Armor
37:02 Hand Cart
37:41 Onager
38:46 Conscription
40:20 Ballistics
40:39 Bodkin Arrow
41:16 Elite Mangudai
43:21 Chemistry
43:25 Siege Onager
45:02 Siege Engineers
45:38 Drill
Every Anna
8:07 Loom
11:05 Feudal Age
16:19 Double-Bit Axe
19:11 Castle Age
17:33 Fletching
18:10 Padded Archer Armor
20:01 Bodkin Arrow
20:22 Leather Archer Armor
20:44 Thumb Ring
22:11 Wheelbarrow
22:43 Crossbowman
28:01 Hand Cart
28:13 Bow Saw
28:11 Murder Holes
28:25 Stone Mining
30:23 Ballistics
31:46 Town Watch
34:04 Masonry
38:40 Imperial Age
40:29 Chemistry
39:25 Arbalester
41:18 Two-Man Saw
40:13 Gold Mining
40:58 Stone Shaft Mining
40:48 Guilds
45:57 Bracer
46:27 Ring Archer Armor
47:24 Elite Skirmisher
lewiswilsonmma
0:35 Loom
21:12 Feudal Age
22:31 Double-Bit Axe
24:47 Wheelbarrow
30:44 Castle Age
28:41 Stone Mining
32:25 Bow Saw
32:40 Caravan
36:03 Scale Barding Armor
36:08 Forging
38:00 Chain Barding Armor
38:16 Iron Casting
37:27 Pikeman
38:49 Hand Cart
43:19 Imperial Age
41:45 Gold Mining
43:43 Town Watch
44:05 Cavalier
45:42 Paladin
47:18 Plate Barding Armor
47:44 Blast Furnace
46:49 Husbandry
46:41 Treadmill Crane
47:57 Town Patrol
50:21 Conscription
50:51 Caravan
55:44 Scale Mail Armor
55:37 Fletching
mowmipirat
2:34 Loom
11:41 Feudal Age
12:12 Double-Bit Axe
13:26 Gold Mining
18:13 Castle Age
16:15 Stone Mining
16:55 Horse Collar
19:14 Heavy Plow
19:25 Bow Saw
22:32 Gold Shaft Mining
22:37 Stone Shaft Mining
24:44 Eagle Warrior
27:19 Fervor
28:07 Gold Shaft Mining
27:56 Scale Mail Armor
28:07 Forging
28:59 Caravan
30:23 Sanctity
31:12 Wheelbarrow
30:22 Town Watch
35:12 Imperial Age
32:58 Hand Cart
34:02 Redemption
34:32 Iron Casting
34:13 Chain Mail Armor
34:01 Squires
33:47 Arson
33:25 Pikeman
36:46 Crop Rotation
37:23 Blast Furnace
36:54 Plate Mail Armor
36:25 Padded Archer Armor
36:16 Fletching
35:50 Capped Ram
36:52 Conscription
36:52 Town Patrol
37:52 Block Printing
38:09 Illumination
38:28 Theocracy
37:32 Elite Eagle Warrior
38:42 Garland Wars
38:31 Elite Jaguar Warrior
39:25 Elite Jaguar Warrior
40:07 Atlatl
39:30 Elite Skirmisher
41:16 Siege Engineers
41:07 Murder Holes
44:24 Leather Archer Armor
44:53 Siege Ram
46:41 Siege Ram
50:11 Bodkin Arrow
aaaaa
1:01 Loom
17:59 Feudal Age
20:06 Horse Collar
20:13 Double-Bit Axe
20:20 Stone Mining
20:24 Gold Mining
24:28 Scale Barding Armor
24:24 Scale Mail Armor
24:35 Forging
27:19 Castle Age
25:56 Wheelbarrow
31:48 Bloodlines
31:39 Husbandry
34:31 Bow Saw
38:44 Imperial Age
37:30 Chain Barding Armor
37:26 Chain Mail Armor
38:15 Caravan
40:52 Cavalier
40:53 Pikeman
41:34 Squires
41:20 Arson
40:57 Man-at-Arms
42:43 Iron Casting
45:42 Halberdier
45:44 Long Swordsman
51:20 Hand Cart
51:28 Paladin
55:03 Blast Furnace
ChrisTT
0:44 Loom
小菜机
11:19 Feudal Age
12:03 Feudal Age
16:05 Castle Age
18:13 Double-Bit Axe
25:24 Bow Saw
31:59 Imperial Age
30:59 Wheelbarrow
30:34 Caravan
32:12 Hand Cart
31:40 Horse Collar
33:38 Heavy Plow
35:23 Silk Armor
35:41 Timurid Siegecraft
35:53 Conscription
34:54 Elite Keshik
36:23 Forging
36:13 Scale Mail Armor
36:14 Padded Archer Armor
36:05 Fletching
36:21 Scale Barding Armor
38:37 Chemistry
37:58 Ballistics
38:16 Iron Casting
39:37 Squires
39:23 Arson
39:00 Pikeman
40:32 Crop Rotation
40:25 Elite Skirmisher
41:25 Leather Archer Armor
41:05 Bodkin Arrow
42:11 Blast Furnace
41:31 Chain Barding Armor
41:37 Bombard Tower
42:30 Imperial Skirmisher
43:54 Halberdier
47:29 Bombard Tower
47:46 Plate Barding Armor
47:42 Ring Archer Armor
47:12 Bracer
Sherdil
0:29 Loom
15:05 Feudal Age
20:04 Castle Age
18:40 Double-Bit Axe
23:06 Horse Collar
23:38 Bow Saw
24:39 Heavy Plow
30:27 Wheelbarrow
34:10 Imperial Age
31:57 Hand Cart
31:50 Gold Mining
33:10 Padded Archer Armor
35:25 Gold Shaft Mining
35:09 Leather Archer Armor
36:02 Chemistry
37:13 Conscription
36:54 Shatagni
38:49 Ring Archer Armor
38:38 Caravan
39:24 Thumb Ring
40:07 Ballistics
40:30 Grand Trunk Road
42:48 Caravan
Connection lost

Rejoining the realm…

Still unreachable

The connection could not be restored.

Session expired

The server has moved on; the page needs a fresh start.